 Dungeon Crawl Stone Soup version 0.31-a0-532-g28f74ba3e5 (webtiles) character file.

Game seed: 17244320750817784616

7701 mandarbmax the Grappler (level 11, -7/90 HPs)
             Began as a Troll Shapeshifter on Aug 12, 2023.
             Was a Follower of Ru.
             Mangled by a yak (12 damage)
             ... on level 11 of the Dungeon.
             The game lasted 00:24:44 (8703 turns).

mandarbmax the Grappler (Troll Shapeshifter)        Turns: 8703, Time: 00:24:44

Health: -7/90      AC:  6    Str: 29    XL:     11   Next: 0%
Magic:  10/10      EV: 10    Int:  4    God:    Ru [*.....]
Gold:   498        SH:  0    Dex: 10    Spells: 10/10 levels left

rFire   + .          .
                       - Unarmed
rCold   + . .        (shield currently unavailable)
rNeg    . . .        h - +2 robe {Will+}
rPois   .            u - +1 hat
rElec   .            t - +0 cloak
rCorr   .            (gloves unavailable)
SInv    .            (boots unavailable)
Will    +....        n - amulet of faith
Stlth   +            e - ring of protection from cold
HPRegen 1.15/turn    p - ring of protection from fire
MPRegen 0.12/turn

%: inaccuracy (-5), faith
@: blade hands
A: reduced hp, large, unfitting armour, claws 3, regeneration 1, shaggy fur 1,
tough skin 1, missing an eye
a: Begin Untransformation, Renounce Religion


You were on level 11 of the Dungeon.
You worshipped Ru.
Ru was aware of your devotion.
You had blades for hands.
You visited 2 branches of the dungeon, and saw 12 of its levels.
You also visited: Sewer and Bailey.

You collected 682 gold pieces.
You spent 184 gold pieces at shops.

Inventory:

Missiles
 y - 2 throwing nets
Armour
 h - a +2 robe of willpower (worn)
 t - a +0 cloak (worn)
 u - a +1 hat (worn)
 D - +0 acid dragon scales
Jewellery
 a - the ring of Gotukkeg {Fly rElec rC++ MP+9 Str-5}
   (You found it on level 10 of the Dungeon)

   [ring of flight]

   Str-5:     It affects your strength (-5).
   rC++:      It greatly protects you from cold.
   rElec:     It insulates you from electricity.
   MP+9:      It affects your magic capacity (+9).
   Fly:       It grants you flight.
 e - a ring of protection from cold (left blade hand)
 n - an amulet of faith (around neck)
 p - a ring of protection from fire (right blade hand)
Talismans
 s - a maw talisman
 F - a blade talisman (active)
Wands
 c - a wand of quicksilver (3)
 m - a wand of digging (6)
 v - a wand of polymorph (16)
 x - a wand of iceblast (3)
Scrolls
 b - a scroll of fear
 d - 2 scrolls of fog {unknown}
 g - a scroll of blinking
 i - 5 scrolls of teleportation
 w - a scroll of amnesia
 B - 3 scrolls of torment {unknown}
 C - 4 scrolls of enchant weapon
 E - 2 scrolls of poison {unknown}
Potions
 f - 2 potions of cancellation
 j - 4 potions of curing
 k - 2 potions of enlightenment
 l - a potion of brilliance {unknown}
 o - 5 potions of might
 q - a potion of heal wounds
 r - a potion of lignification
 z - 2 potions of magic
 A - 2 potions of mutation {unknown}
 G - 2 potions of haste
 H - a potion of attraction


   Skills:
 + Level 7.6 Fighting
 - Level 2.0 Dodging
 + Level 12.3 Unarmed Combat
 + Level 7.2 Shapeshifting


You had 10 spell levels left.
You didn't know any spells.
Your spell library contained the following spells:

 Spells                   Type           Power      Damage    Failure   Level
 Sandblast                Erth           0%         2d4       87%         1
 Passwall                 Tmut/Erth      0%         N/A       94%         2
 Portal Projectile        Hex/Tloc       0%         N/A       99%         3
 Tukima's Dance           Hex            0%         N/A       99%         3
 Cause Fear               Hex            0%         N/A       100%        4
 Iskenderun's Mystic Bla  Conj/Tloc      0%         2d3       100%        4
 Passage of Golubria      Tloc           0%         N/A       100%        4
 Fireball                 Conj/Fire      0%         3d3       100%        5
 Summon Forest            Summ/Tloc      0%         N/A       100%        5
 Yara's Violent Unravell  Hex/Tmut       0%         3d3       100%        5
 Dispersal                Tloc           0%         N/A       100%        6
 Eringya's Noxious Bog    Tmut/Pois      0%         4d6       100%        6
 Summon Hydra             Summ           0%         N/A       100%        7
 Dragon's Call            Summ           0%         N/A       100%        9


Dungeon Overview and Level Annotations

Branches:
Dungeon (11/15)            Temple (1/1) D:7            Lair (0/5) D:8
    Orc (0/2) D:10          Sewer (visited)          Bailey (visited)

Altars:
Ashenzari
Cheibriados
Dithmenos
Elyvilon
Fedhas
Gozag
Hepliaklqana
Kikubaaqudgha
Makhleb
Nemelex Xobeh
Okawaru
Qazlal
Ru
Sif Muna
Trog
Uskayaw
Vehumet
Wu Jian
Xom
Yredelemnul
Zin
The Shining One

Shops:
D:1 ??(?*   D:2 [(:   D:7 [

Annotations:
D:4 Ijyb


Innate Abilities, Weirdness & Mutations

You have blades for hands.
Your maximum health is decreased, since you lack skill for your form.
Your spellcasting is less reliable in this form.
You are incapable of wielding weapons or throwing items.
You are too large for most types of armour.
You have claws for hands.
Your natural rate of healing is unusually fast.
You are covered in fur. (AC +1)
You have tough skin. (AC +1)
You are missing an eye, making it more difficult to aim.


Message History

You closely miss the yak. You slice the yak!!
The yak is severely wounded.
The yak gores you.
You completely miss the yak.
The yak is severely wounded.
You shred the yak!!!
The yak is almost dead.
The yak gores you!
You completely miss the yak.
The yak is almost dead.
You barely miss the yak.
The yak is almost dead.
The yak gores you! The yak gores you.
You barely miss the yak.
The yak is almost dead.
The yak barely misses you. The yak gores you but does no damage.
You hit the yak.
You kill the yak!
The yak closely misses you. The yak gores you! x2
You hit the yak.
The yak is severely wounded.
The yak closely misses you. The yak gores you. The yak gores you!
You are too injured to fight recklessly!
You slice the yak!!
You kill the yak!
You have reached level 11!
You barely miss the yak. The yak closely misses you. The yak gores you.
You hit the yak. Your slash misses the yak.
The yak is lightly wounded.
The yak gores you.
* * * LOW HITPOINT WARNING * * *
The yak gores you!
* * * LOW HITPOINT WARNING * * *
You slice the yak!!
The yak is severely wounded.
The yak gores you!
* * * LOW HITPOINT WARNING * * *
The yak gores you!
You die...

###############
..........☼§°°.
..........☼☼°°.
..........○○○..
...............
...............
...(...........
.......@Y..../.
........Y......
..........%....
###############


You could see 2 yaks.

Vanquished Creatures
  A two-headed ogre (D:9)
  The ghost of drugrobin the Cleaver, a novice DgDe (D:9)
  Prince Ribbit (D:5)
  2 hornets
  6 yaks
  A vampire (D:10)
  A steam dragon (D:7)
  Edmund (D:4)
  An acid dragon (D:10)
  An ice beast (D:7)
  8 orc warriors
  2 ogres
  12 centaurs
  3 kobold brigands
  2 bullfrogs (Sewer)
  3 scorpions
  14 wights
  A howler monkey (D:6)
  4 hounds
  7 jellies
  A gnoll bouda (D:6)
  5 orc priests
  3 sleepcaps
  An iguana (D:5)
  14 orc wizards
  4 gnolls (D:6)
  14 adders
  7 river rats
  An ufetubus (D:6)
  A worm (D:4)
  2 dart slugs
  47 orcs
  A bat (D:2)
  5 endoplasms
  5 giant cockroaches
  7 hobgoblins
  4 jackals
  5 quokkas
  15 ball pythons
  9 frilled lizards
  11 goblins
  21 kobolds
  27 rats
282 creatures vanquished.

Vanquished Creatures (others)
  An ufetubus (D:5)
  An orc (D:4)
2 creatures vanquished.

Grand Total: 284 creatures vanquished

Notes
Turn   | Place    | Note
-------+----------+-------------------------------------------
     0 | D:1      | mandarbmax the Troll Shapeshifter began the quest for the
                  | Orb.
     0 | D:1      | Reached XP level 1. HP: 18/18 MP: 0/0
   108 | D:1      | Reached skill level 1 in Fighting
   165 | D:1      | Reached XP level 2. HP: 27/27 MP: 1/1
   185 | D:1      | Found Tuass's Magic Scroll Boutique.
   190 | D:1      | Bought a scroll of identify for 20 gold pieces
   202 | D:1      | Found Motufuk's Magic Scroll Shoppe.
   293 | D:1      | Found Oju Fuap's General Store.
   432 | D:1      | Found Seweusap's Antique Weapon Emporium.
   435 | D:1      | Found Neyceruu's Magic Scroll Shop.
   470 | D:1      | Bought a scroll of teleportation for 36 gold pieces
   714 | D:2      | Reached XP level 3. HP: 32/33 MP: 2/2
   861 | D:2      | Reached skill level 4 in Unarmed Combat
   968 | D:2      | Found Wocuguen's Weapon Boutique.
   973 | D:2      | Found Vepp's Book Shoppe.
  1134 | D:2      | Found Caosutacia's Antique Armour Shop.
  1382 | D:3      | Reached XP level 4. HP: 15/41 MP: 3/3
  1939 | D:3      | Reached skill level 5 in Unarmed Combat
  1960 | D:3      | Noticed a +0 hand axe
  1961 | D:3      | Noticed a +0 dagger
  1964 | D:3      | Found a hide-covered altar of Uskayaw.
  2049 | D:3      | Reached XP level 5. HP: 41/48 MP: 4/4
  2209 | D:1      | Bought a scroll of fear for 40 gold pieces
  2569 | D:4      | Noticed Ijyb
  2569 | D:4      | Noticed Edmund
  2673 | D:4      | Killed Edmund
  2674 | D:4      | Reached skill level 6 in Unarmed Combat
  2674 | D:4      | Reached XP level 6. HP: 48/55 MP: 5/5
  2963 | D:5      | Entered Level 5 of the Dungeon
  3052 | D:5      | Reached XP level 7. HP: 62/62 MP: 6/6
  3086 | D:5      | Reached skill level 7 in Unarmed Combat
  3339 | D:5      | Noticed Prince Ribbit
  3351 | D:5      | Killed Prince Ribbit
  3352 | D:5      | Reached skill level 8 in Unarmed Combat
  3352 | D:5      | Reached skill level 5 in Shapeshifting
  3631 | D:5      | Reached XP level 8. HP: 66/70 MP: 7/7
  3925 | D:6      | Reached skill level 9 in Unarmed Combat
  4209 | D:6      | Found a glowing drain.
  4215 | Sewer    | Entered a sewer
  4501 | D:6      | Reached skill level 10 in Unarmed Combat
  4739 | D:6      | Reached XP level 9. HP: 61/76 MP: 8/8
  4989 | D:7      | Found a staircase to the Ecumenical Temple.
  4998 | Temple   | Entered the Ecumenical Temple
  5004 | Temple   | Became a worshipper of Ru the Awakened
  5425 | D:7      | Found a flagged portal.
  5432 | Bailey   | Entered a bailey
  5611 | Bailey   | Reached skill level 11 in Unarmed Combat
  5857 | Bailey   | HP: 2/84 [centaur/+0 trident (7)]
  6123 | Bailey   | Reached skill level 12 in Unarmed Combat
  6165 | Bailey   | Got the Volume of Blinking Talus
  6421 | D:7      | Found Keckoe's Antique Armour Emporium.
  6425 | D:7      | Bought a glowing robe for 88 gold pieces
  6672 | D:8      | Paralysed by a hornet for 2 turns
  6678 | D:8      | Reached XP level 10. HP: 72/94 MP: 5/9
  6727 | D:8      | Reached skill level 5 in Fighting
  6779 | D:8      | Found an ancient bone altar of Kikubaaqudgha.
  6779 | D:8      | Found a burning altar of Makhleb.
  6786 | D:8      | Found a shimmering altar of Xom.
  6789 | D:8      | Found a snail-covered altar of Cheibriados.
  6791 | D:8      | Found a broken altar of Ashenzari.
  6796 | D:8      | Found a shadowy altar of Dithmenos.
  7111 | D:8      | Found a staircase to the Lair.
  7700 | D:9      | Found a runed translucent door.
  7700 | D:9      | Noticed drugrobin's ghost (novice DgDe)
  7756 | D:9      | Noticed a two-headed ogre
  7762 | D:9      | Killed a two-headed ogre
  7765 | D:9      | Gained mutation: You are missing an eye, making it more
                  | difficult to aim. [Ru sacrifice]
  7765 | D:9      | Reached * piety under Ru
  8045 | D:9      | Killed drugrobin's ghost
  8074 | D:10     | Entered Level 10 of the Dungeon
  8212 | D:10     | Identified the ring of Gotukkeg {Fly rElec rC++ MP+9 Str-5}
  8218 | D:10     | Found a staircase to the Orcish Mines.
  8270 | D:10     | HP: 4/81 [acid dragon/splash of acid (27)]
  8271 | D:10     | HP: 1/81 [acid dragon (4)]
  8283 | D:10     | Identified the +0 plate armour of Lugonu, Jumping {rC-
                  | rCorr Dex+2}
  8701 | D:11     | Reached XP level 11. HP: 30/110 MP: 10/10
  8703 | D:11     | Mangled by a yak

Illustrated notes

Levels and vault maps discovered:
D:1:      dpeg_arrival_three_smaller_balls, layout_basic, serial_shops, shop,
          shop_statue, nicolae_shop_just_a_little_nook, nicolae_shop_waterfront,
          shop, chequers_big_river
D:2:      layout_rooms, serial_shops, nicolae_shop_real_fake_doors,
          nicolae_square_shop, shop, interstate_on_off,
          chequers_serial_rivers_small_b
D:3:      layout_basic, dancing_weapons_uskayaw
D:4:      layout_basic, uniq_ijyb, uniq_edmund
D:5:      layout_loops_ring, uniq_prince_ribbit1
D:6:      layout_basic, portal_sewer_entry_e
D:7:      layout_basic, temple_fountains, enter_bailey_2, serial_shops, shop
D:8:      layout_cave_pools, nicolae_overflow_hallway_of_the_gods,
          dpeg_oklobed_lair, roderic_serpentine_path
D:9:      layout_small_grid, hellmonk_ghost_happy_afterlife
D:10:     layout_irregular_city, orc_0_dummy
D:11:     layout_cross, lemuel_nasty_fountain, uniq_erica
Temple:   hellmonk_temple_two_chambers

Skill      XL: |  1  2  3  4  5  6  7  8  9 10 |
---------------+-------------------------------+-----
Fighting       | 1 2 4 7 |  7.6
Dodging        | 2 |  2.0
Unarmed Combat | 4 5 6 8 10 12 | 12.3
Shapeshifting  | 4 5 6 7 |  7.2

Action                     |  1- 3 |  4- 6 |  7- 9 | 10-12 || total
---------------------------+-------+-------+-------+-------++-------
  Melee: Unarmed           |    88 |    88 |   305 |   128 ||   609
         Punch             |     1 |     6 |     7 |     6 ||    20
         Maw               |       |       |       |     8 ||     8
 Invoke: Reject Sacrifices |       |       |     1 |       ||     1
         Sacrifice an Eye  |       |       |       |     1 ||     1
Ability: Begin Untransform |       |     1 |       |       ||     1
    Use: Scroll            |     3 |     3 |    11 |     1 ||    18
         Potion            |     1 |       |     7 |     3 ||    11
   Stab: Sleeping          |       |       |     1 |       ||     1
 Armour: Animal skin       |    26 |    23 |    73 |       ||   122
         Skin              |    16 |     7 |    27 |    11 ||    61
         Robe              |       |       |     4 |    17 ||    21
  Dodge: Dodged            |    42 |    37 |   196 |    53 ||   328
   Form: Beast             |       |     1 |       |       ||     1
         Blade             |       |       |       |     1 ||     1
         Maw               |       |       |       |     1 ||     1

Table legend: (Time is in decaauts)
 A = Elapsed time spent in this place.
 B = Non-inter-level travel time spent in this place.
 C = Inter-level travel time spent in this place.
 D = Time resting spent in this place.
 E = Time spent auto-exploring this place.
 F = Levels seen in this place.
 G = Mean time per level.
                   A        B        C        D        E       F      G
               +--------+--------+--------+--------+--------+-----+--------+
         Total |   8599 |   7980 |    619 |    436 |   5095 |  14 |  614.2 |
       Dungeon |   7558 |   6939 |    619 |    206 |   4916 |  11 |  687.1 |
        Temple |     12 |     12 |      0 |      0 |      0 |   1 |   12.0 |
         Sewer |    228 |    228 |      0 |      0 |    100 |   1 |  228.0 |
        Bailey |    799 |    799 |      0 |    230 |     79 |   1 |  799.0 |
               +--------+--------+--------+--------+--------+-----+--------+

Top non-repeatable levels by time:
     D:6: 1019 daAuts
     D:3: 1018 daAuts
     D:7: 840 daAuts
  Bailey: 799 daAuts
     D:1: 750 daAuts
     D:9: 734 daAuts
     D:5: 720 daAuts
     D:8: 669 daAuts
    D:10: 609 daAuts
     D:4: 595 daAuts
     D:2: 586 daAuts
   Sewer: 228 daAuts
    D:11: 13 daAuts
  Temple: 12 daAuts
